 Dungeon Crawl Stone Soup version 0.22-a0-542-gce4f928 (webtiles) character file.

78996 inc the Thaumaturge (level 15, -3/115 HPs)
             Began as a Gnoll Fire Elementalist on June 24, 2018.
             Was the Champion of Cheibriados.
             Slain by a tyrant leech (12 damage)
             ... on level 4 of the Lair of Beasts.
             The game lasted 01:14:13 (29922 turns).

inc the Thaumaturge (Gnoll Fire Elementalist)      Turns: 29922, Time: 01:14:14

Health: -3/115     AC: 17    Str: 30    XL:     15   Next: 62%
Magic:  1/33       EV: 23    Int: 45    God:    Cheibriados [******]
Gold:   608        SH:  9    Dex: 29    Spells: 23/36 levels left

rFire    + + +     SeeInvis .   X - +6 whip "Hydrabane" {flame, Fragile rPois MR+ Dex+6}
rCold    + + .     Gourm    .   H - +0 buckler
rNeg     + . .     Faith    +   S - +0 chain mail of Ahidd {MR++} (curse)
rPois    +         Spirit   .   F - +2 hat
rElec    +         Reflect  .   C - scarf {repulsion}
rCorr    .         Harm     .   h - +0 pair of gloves
MR       +++++                  u - +1 pair of boots
Stlth    ++........             b - amulet "Ylodaix" {Faith rC+ rN+ Dex-4}
HPRegen  0.29/turn              K - ring "Voaneinn" {rElec rF+++ MR+ Str+4 Dex-5}
MPRegen  0.23/turn              R - ring "Zoasukh" {*Corrode EV+3 Int+8}

@: very slightly contaminated, repel missiles, very slow
A: distributed training, fangs 1, cold resistance 1, high mp 1, evolution 1,
MP-powered wands, strong nose
a: Bend Time, Temporal Distortion, Slouch, Step From Time, Renounce Religion


You were on level 4 of the Lair of Beasts.
You worshipped Cheibriados.
Cheibriados was exalted by your worship.
You were not hungry.

You visited 3 branches of the dungeon, and saw 22 of its levels.

You collected 1796 gold pieces.
You spent 1188 gold pieces at shops.

Inventory:

Hand Weapons
 t - a +5 demon blade
 x - a +2 eveningstar of holy wrath
 L - a +2 demon trident
 X - the +6 whip "Hydrabane" (weapon) {flame, Fragile rPois MR+ Dex+6}
   (You found it on level 10 of the Dungeon)

   It has been specially enchanted to burn those struck by it, causing extra
   injury to most foes and up to half again as much damage against particularly
   susceptible opponents.
   It affects your dexterity (+6).
   It protects you from poison.
   It affects your resistance to hostile enchantments.
   It will be destroyed if unequipped.
Armour
 h - a +0 pair of gloves (worn)
 u - a +1 pair of boots (worn)
 y - a +1 plate armour of magic resistance
 C - a scarf of repulsion (worn)
 F - a +2 hat (worn)
 H - a +0 buckler (worn)
 S - the cursed +0 chain mail of Ahidd (worn) {MR++}
   (You found it on level 12 of the Dungeon)

   It affects your resistance to hostile enchantments.
   It has a curse placed upon it.
Magical Staves
 O - an uncursed staff of air {unknown}
Jewellery
 b - the amulet "Ylodaix" (around neck) {Faith rC+ rN+ Dex-4}
   (You bought it in a shop on level 8 of the Dungeon)

   [amulet of faith]

   It allows you to gain divine favour quickly.
   It affects your dexterity (-4).
   It protects you from cold.
   It protects you from negative energy.
 f - an uncursed ring of resist corrosion
 g - the amulet "Joem" {rF+ rN+ Regen+}
   (You found it on level 1 of the Lair of Beasts)

   [amulet of regeneration]

   It protects you from fire.
   It protects you from negative energy.
   It increases your rate of regeneration.
 K - the ring "Voaneinn" (left hand) {rElec rF+++ MR+ Str+4 Dex-5}
   (You found it on level 10 of the Dungeon)

   [ring of protection from magic]

   It affects your strength (+4).
   It affects your dexterity (-5).
   It renders you almost immune to fire.
   It insulates you from electricity.
   It affects your resistance to hostile enchantments.
 R - the ring "Zoasukh" (right hand) {*Corrode EV+3 Int+8}
   (You bought it in a shop on level 8 of the Dungeon)

   [ring of evasion]

   It affects your evasion (+3).
   It affects your intelligence (+8).
   It may corrode you when you take damage.
 W - an uncursed ring of protection from cold
Wands
 a - a wand of disintegration (14)
 e - a wand of digging (33)
 k - a wand of iceblast (6)
 v - a wand of clouds (7)
 w - a wand of polymorph (22)
 A - a wand of scattershot (2)
 P - a wand of paralysis (12)
Scrolls
 i - 2 scrolls of holy word
 j - a scroll of immolation
 l - 4 scrolls of blinking
 m - 3 scrolls of teleportation
 n - 3 scrolls of enchant armour
 p - 2 scrolls of noise
 r - 2 scrolls of vulnerability
 s - 4 scrolls of identify
 D - 5 scrolls of amnesia
 N - 2 scrolls of silence
 Q - a scroll of fog
 T - a scroll of magic mapping
 Z - 10 scrolls of remove curse
Potions
 d - 4 potions of curing
 o - 2 potions of berserk rage
 q - 3 potions of flight
 z - 2 potions of invisibility
 B - a potion of lignification
 E - 2 potions of haste
 G - a potion of resistance
 J - 2 potions of ambrosia
 M - 2 potions of agility
 U - 2 potions of brilliance
Comestibles
 c - 40 rations


   Skills:
 + Level 10.0 Fighting
 + Level 10.0 Short Blades
 + Level 10.0 Long Blades
 + Level 10.0 Axes
 + Level 10.0 Maces & Flails
 + Level 10.0 Polearms
 + Level 10.0 Staves
 + Level 10.0 Slings
 + Level 10.0 Bows
 + Level 10.0 Crossbows
 + Level 10.0 Throwing
 + Level 10.0 Armour
 + Level 11.0 Dodging
 + Level 10.8 Stealth
 + Level 10.0 Shields
 + Level 10.0 Unarmed Combat
 + Level 11.1 Spellcasting
 + Level 8.7 Conjurations
 + Level 8.4 Hexes
 + Level 8.4 Charms
 + Level 8.4 Summonings
 + Level 8.4 Necromancy
 + Level 8.4 Translocations
 + Level 8.4 Transmutations
 + Level 10.1 Fire Magic
 + Level 8.4 Ice Magic
 + Level 8.4 Air Magic
 + Level 8.4 Earth Magic
 + Level 8.4 Poison Magic
 + Level 10.8 Invocations
 + Level 10.0 Evocations


You had 23 spell levels left.
You knew the following spells:

 Your Spells              Type           Power        Failure   Level  Hunger
a - Flame Tongue          Conj/Fire      #####        1%          1    None
b - Sticky Flame          Conj/Fire      #######.     1%          4    None
c - Fireball              Conj/Fire      #######...   2%          5    None
d - Dazzling Spray        Conj/Hex       ######       1%          3    None

Your spell library contained the following spells:

 Spells                   Type           Power        Failure   Level  Hunger
 Cause Fear               Hex            #######...   1%          4    None
 Conjure Flame            Conj/Fire      #######.     1%          3    None
 Slow                     Hex            #######.     1%          2    None
 Confuse                  Hex            #######.     1%          3    None
 Throw Flame              Conj/Fire      ######       1%          2    None
 Freezing Cloud           Conj/Ice/Air   #######...   21%         6    ##.....
 Mephitic Cloud           Conj/Pois/Air  #######.     1%          3    None
 Ring of Flames           Chrm/Fire      #######...   63%         7    ####...
 Tukima's Dance           Hex            #######.     1%          3    None
 Ensorcelled Hibernation  Hex/Ice        ######       1%          2    None
 Corona                   Hex            #######      1%          1    None
 Portal Projectile        Hex/Tloc       ######       1%          3    None
 Leda's Liquefaction      Hex/Erth       #######...   1%          4    None
 Inner Flame              Hex/Fire       #######.     1%          3    None
 Poisonous Vapours        Pois/Air       ######       1%          2    None


Dungeon Overview and Level Annotations

Branches:
Dungeon (15/15)            Temple (0/1) D:7            Lair (5/6) D:11
 Shoals (0/4) Lair:3        Snake (0/4) Lair:4          Orc (2/2) D:10
    Elf (0/3) Orc:2        Vaults (0/5) D:14
  Slime: Lair:5-6    Depths: D:15

Altars:
Ashenzari
Cheibriados
Dithmenos
Gozag
Kikubaaqudgha
Nemelex Xobeh
Okawaru
Qazlal
Ru
Sif Muna
Trog
Vehumet
Wu Jian
Zin
The Shining One
Beogh

Shops:
D:8 =   D:13 *   Orc:2 !%%(

Annotations:
D:3 Natasha
D:6 1 runed door, Anon1729's ghost, novice OpFE
D:7 1 runed door
D:8 1 runed door


Innate Abilities, Weirdness & Mutations

Your experience applies equally to all skills.
You have very sharp teeth.
Your uncanny sense of smell can sniff out nearby items.
Your flesh is cold resistant. (rC+)
You have an increased reservoir of magic. (+10% MP)
You evolve.
You expend magic power (3 MP) to strengthen your wands.


Message History

You see here a yak skeleton.
The tyrant leech barely misses you.
You climb upwards.
There is a stone staircase leading down here.
As you read the scroll of fear, it crumbles to dust.
You assume a fearsome visage.
The tyrant leech resists with some effort.
Casting: Sticky Flame (safe; 1% risk of failure)
Confirm with . or Enter, or press ? or * to list all spells.
Aiming: Sticky Flame (safe; 1% risk of failure)
Press: ? - help, Shift-Dir - straight line, f - tyrant leech
Aim: a tyrant leech (severely wounded)
The sticky flame hits the tyrant leech.
The tyrant leech is severely wounded.
The tyrant leech is covered in liquid flames!
The tyrant leech burns!
The tyrant leech misses you.
You hit the tyrant leech but do no damage.
The tyrant leech is severely wounded.
The tyrant leech burns!
The tyrant leech bites you!
You die...

...........................#####.
..............................##.
..............................PP.
...#.......................#.....
............................###..
......................P..........
.......#..#...........##...#.....
).........##..........P#...#.....
......##........@....PPP.........
.#.P.###..#....w.................
.##P..#..##......................
..#..###.###..........#..........
.#...#.#..##....P.P.....##...P...
.P...#...###............#..##....
.........PP......................
........PP........#......#.......
..##...PP#........#..............


You could see a tyrant leech (burning).

Vanquished Creatures
  Gastronok (D:11)
  An orc warlord (Orc:2)
  Louise (D:14)
  Nessos (D:13)
  Snorg (D:13)
  8 vault guards (D:14)
  A great orb of eyes (D:15)
  A centaur warrior (D:14)
  5 hydras
  A death knight (D:14)
  Erica (D:11)
  A dancing weapon (D:14)
  11 two-headed ogres
  2 tengu warriors (D:14)
  4 orc high priests (Orc:2)
  A deep elf knight (D:14)
  Urug (D:14)
  A hell knight (D:14)
  Nergalle (Lair:4)
  A skeletal warrior (D:14)
  4 unseen horrors
  4 orc knights
  9 ugly things
  4 orc sorcerers
  2 deep elf magi
  2 cyclopes
  2 manticores
  A wolf spider (D:15)
  Maurice (D:8)
  A moth of wrath (Lair:5)
  A centaur skeleton (D:14)
  2 merfolk sirens (Lair:3)
  A torpor snail (Lair:3)
  2 rime drakes
  4 spiny frogs
  A freezing wraith (D:14)
  An efreet (D:12)
  2 kobold demonologists (D:12)
  4 komodo dragons
  8 tyrant leeches (Lair:5)
  2 merfolk (Lair:3)
  11 trolls
  6 dream sheep (Lair:4)
  6 hippogriffs
  5 wraiths
  A vampire (D:11)
  A human (D:12)
  6 basilisks
  A hog (shapeshifter) (D:15)
  29 yaks
  2 hogs (D:12)
  3 hungry ghosts
  4 vampire mosquitoes (D:12)
  3 wargs (Orc:2)
  4 swamp worms (Lair:5)
  An acid dragon (D:11)
  5 water moccasins
  A soldier ant (D:12)
  37 orc warriors
  10 porcupines
  6 sky beasts
  3 ice beasts
  An eye of draining (D:13)
  2 phantoms
  2 necrophages
  7 centaurs
  17 ogres
  6 wolves
  9 crocodiles
  9 big kobolds
  13 bullfrogs
  A wyvern zombie (D:7)
  4 gnoll sergeants (D:10)
  A scorpion (D:8)
  13 killer bees
  An electric eel (Lair:3)
  12 wights
  6 howler monkeys
  2 crimson imps
  A bullfrog zombie (D:6)
  10 hounds
  A quasit (D:12)
  4 centaur zombies
  A jelly (D:13)
  30 orc priests
  19 orc wizards
  Natasha (twice) (D:3)
  3 iguanas
  7 worker ants
  2 killer bee zombies
  9 gnolls
  A howler monkey skeleton (D:8)
  10 adders
  4 shadow imps
  2 oozes
  3 adder zombies
  An adder skeleton (D:4)
  3 worms
  2 dart slugs
  6 leopard geckos
  102 orcs
  5 giant cockroaches
  7 goblins
  9 hobgoblins
  10 jackals
  4 quokkas
  6 bats
  4 frilled lizards
  A jackal skeleton (D:6)
  23 kobolds
  A quokka skeleton (D:4)
  3 rats
  2 plants (Lair:3)
652 creatures vanquished.

Vanquished Creatures (others)
  An eye of draining (D:12)
  A bullfrog (D:6)
  A bullfrog skeleton (D:6)
  An orc wizard (Orc:1)
  An orc (Orc:1)
  A fire vortex (D:10)
  A fungus (Lair:5)
  4 plants (Lair:5)
  2 withered plants (D:6)
13 creatures vanquished.

Grand Total: 665 creatures vanquished

Notes
Turn   | Place    | Note
-------+----------+-------------------------------------------
     0 | D:1      | inc the Gnoll Fire Elementalist began the quest for the Orb.
     0 | D:1      | Reached XP level 1. HP: 13/13 MP: 6/6
    77 | D:1      | Reached XP level 2. HP: 19/19 MP: 4/7
   472 | D:1      | Reached XP level 3. HP: 18/25 MP: 0/9
   480 | D:1      | Reached skill level 5 in Spellcasting
  1005 | D:2      | Reached skill level 1 in Invocations
  1058 | D:2      | Found a bloodstained altar of Trog.
  1086 | D:2      | Found a shattered altar of Ashenzari.
  1281 | D:2      | Reached skill level 1 in Fighting
  1281 | D:2      | Reached skill level 1 in Short Blades
  1281 | D:2      | Reached skill level 1 in Long Blades
  1281 | D:2      | Reached skill level 1 in Axes
  1281 | D:2      | Reached skill level 1 in Maces & Flails
  1281 | D:2      | Reached skill level 1 in Polearms
  1281 | D:2      | Reached skill level 1 in Staves
  1281 | D:2      | Reached skill level 1 in Slings
  1281 | D:2      | Reached skill level 1 in Bows
  1281 | D:2      | Reached skill level 1 in Crossbows
  1281 | D:2      | Reached skill level 1 in Throwing
  1281 | D:2      | Reached skill level 1 in Armour
  1281 | D:2      | Reached skill level 1 in Shields
  1281 | D:2      | Reached skill level 1 in Unarmed Combat
  1281 | D:2      | Reached skill level 1 in Evocations
  1281 | D:2      | Reached XP level 4. HP: 32/32 MP: 7/11
  1919 | D:3      | Found a shadowy altar of Dithmenos.
  1982 | D:3      | Noticed Natasha
  2009 | D:3      | Killed Natasha
  2009 | D:3      | Reached skill level 1 in Hexes
  2009 | D:3      | Reached skill level 1 in Charms
  2009 | D:3      | Reached skill level 1 in Summonings
  2009 | D:3      | Reached skill level 1 in Necromancy
  2009 | D:3      | Reached skill level 1 in Translocations
  2009 | D:3      | Reached skill level 1 in Transmutations
  2009 | D:3      | Reached skill level 1 in Ice Magic
  2009 | D:3      | Reached skill level 1 in Air Magic
  2009 | D:3      | Reached skill level 1 in Earth Magic
  2009 | D:3      | Reached skill level 1 in Poison Magic
  2115 | D:3      | Reached XP level 5. HP: 35/37 MP: 4/12
  2178 | D:3      | Found a snail-covered altar of Cheibriados.
  2235 | D:3      | Noticed Natasha
  2243 | D:3      | Killed Natasha
  2477 | D:3      | Found a radiant altar of Vehumet.
  2480 | D:3      | Found a sparkling altar of Nemelex Xobeh.
  2514 | D:3      | Noticed Natasha
  2549 | D:3      | Found an opulent altar of Gozag.
  2557 | D:3      | Became a worshipper of Cheibriados the Contemplative
  3107 | D:4      | Found an ancient bone altar of Kikubaaqudgha.
  3182 | D:4      | Reached XP level 6. HP: 44/44 MP: 7/13
  3246 | D:5      | Entered Level 5 of the Dungeon
  3246 | D:5      | Found a glowing golden altar of the Shining One.
  3261 | D:5      | Reached skill level 5 in Dodging
  3292 | D:5      | Found an iron altar of Okawaru.
  3348 | D:5      | Found a deep blue altar of Sif Muna.
  3463 | D:5      | Found a glowing silver altar of Zin.
  3463 | D:5      | Found a bloodstained altar of Trog.
  3493 | D:5      | Reached XP level 7. HP: 30/50 MP: 10/15
  4085 | D:6      | Reached * piety under Cheibriados
  4288 | D:7      | Noticed a hungry ghost
  4300 | D:7      | Killed a hungry ghost
  4321 | D:7      | Reached skill level 5 in Stealth
  4585 | D:7      | Reached XP level 8. HP: 57/57 MP: 11/16
  4905 | D:7      | Learned a level 4 spell: Sticky Flame
  4919 | D:7      | Found a runed door.
  5326 | D:7      | Found a staircase to the Ecumenical Temple.
  5372 | D:7      | Reached ** piety under Cheibriados
  5423 | D:7      | Found an iron altar of Okawaru.
  5517 | D:7      | Found a stormy altar of Qazlal.
  6203 | D:6      | Reached XP level 9. HP: 45/65 MP: 9/18
  6410 | D:6      | Noticed Anon1729's ghost (novice OpFE)
  6411 | D:6      | Found a runed door.
  7373 | D:8      | Noticed a sixfirhy
  7375 | D:8      | Found a runed door.
  7568 | D:8      | Reached *** piety under Cheibriados
  7707 | D:8      | Found Lapnupue's Jewellery Shoppe.
  8038 | D:8      | Noticed Maurice
  8046 | D:8      | Killed Maurice
  8321 | D:8      | Bought the ring "Zoasukh" {*Corrode EV+3 Int+8} for 431 gold pieces
  8385 | D:9      | Noticed a troll
  8389 | D:9      | Noticed a two-headed ogre
  8395 | D:9      | Reached skill level 5 in Invocations
  8398 | D:9      | Noticed a two-headed ogre
  8404 | D:9      | Killed a two-headed ogre
  8404 | D:9      | Reached XP level 10. HP: 21/73 MP: 3/20
  8412 | D:9      | Killed a two-headed ogre
  8412 | D:9      | Reached skill level 5 in Fighting
  8412 | D:9      | Reached skill level 5 in Short Blades
  8412 | D:9      | Reached skill level 5 in Long Blades
  8412 | D:9      | Reached skill level 5 in Axes
  8412 | D:9      | Reached skill level 5 in Maces & Flails
  8412 | D:9      | Reached skill level 5 in Polearms
  8412 | D:9      | Reached skill level 5 in Staves
  8412 | D:9      | Reached skill level 5 in Slings
  8412 | D:9      | Reached skill level 5 in Bows
  8412 | D:9      | Reached skill level 5 in Crossbows
  8412 | D:9      | Reached skill level 5 in Throwing
  8412 | D:9      | Reached skill level 5 in Armour
  8412 | D:9      | Reached skill level 5 in Shields
  8412 | D:9      | Reached skill level 5 in Unarmed Combat
  8412 | D:9      | Reached skill level 5 in Evocations
  8416 | D:9      | HP: 2/74 [orc priest/nerve-wracking pain (6)]
  8423 | D:9      | Reached **** piety under Cheibriados
  8952 | D:9      | Found a deep blue altar of Sif Muna.
  8959 | D:9      | Learned a level 5 spell: Fireball
  9021 | D:9      | Found an ornate altar of the Wu Jian Council.
  9034 | D:9      | Found a sacrificial altar of Ru.
  9103 | D:10     | Entered Level 10 of the Dungeon
  9256 | D:10     | Got a glittering platinum ring
  9258 | D:10     | Identified the ring "Voaneinn" {rElec rF+++ MR+ Str+4 Dex-5} (You found it on level 10 of the Dungeon)
  9755 | D:10     | Got a fine whip
  9756 | D:10     | Identified the +6 whip "Hydrabane" {flame, Fragile rPois MR+ Dex+6} (You found it on level 10 of the Dungeon)
 10154 | D:10     | Found a staircase to the Orcish Mines.
 10156 | D:10     | Reached skill level 5 in Conjurations
 11025 | D:11     | Reached XP level 11. HP: 81/81 MP: 17/22
 11341 | D:11     | Noticed a cyclops
 11487 | D:11     | Reached skill level 5 in Hexes
 11487 | D:11     | Reached skill level 5 in Charms
 11487 | D:11     | Reached skill level 5 in Summonings
 11487 | D:11     | Reached skill level 5 in Necromancy
 11487 | D:11     | Reached skill level 5 in Translocations
 11487 | D:11     | Reached skill level 5 in Transmutations
 11487 | D:11     | Reached skill level 5 in Ice Magic
 11487 | D:11     | Reached skill level 5 in Air Magic
 11487 | D:11     | Reached skill level 5 in Earth Magic
 11487 | D:11     | Reached skill level 5 in Poison Magic
 11743 | D:11     | Killed a cyclops
 11948 | D:11     | Noticed a brown ugly thing
 11959 | D:11     | Killed a brown ugly thing
 11960 | D:11     | Noticed Erica
 11995 | D:11     | Killed Erica
 12191 | D:11     | Noticed Gastronok
 12211 | D:11     | Was placed under penance by Cheibriados
 12211 | D:11     | Killed Gastronok
 12242 | D:11     | Found a staircase to the Lair.
 12249 | D:11     | Noticed an unseen horror
 12252 | D:11     | Killed an unseen horror
 12252 | D:11     | Reached XP level 12. HP: 27/89 MP: 3/24
 12278 | D:11     | Was forgiven by Cheibriados
 13149 | Lair:1   | Entered Level 1 of the Lair of Beasts
 13372 | Orc:1    | Entered Level 1 of the Orcish Mines
 13393 | Orc:1    | Noticed a two-headed ogre
 13403 | Orc:1    | Killed a two-headed ogre
 13794 | Orc:2    | Entered Level 2 of the Orcish Mines
 13794 | Orc:2    | Noticed a two-headed ogre
 13898 | Orc:2    | Killed a two-headed ogre
 14050 | Orc:2    | Reached ***** piety under Cheibriados
 14119 | Orc:2    | Noticed a two-headed ogre
 14692 | Orc:2    | Killed a two-headed ogre
 14829 | Orc:2    | Noticed a two-headed ogre
 14843 | Orc:2    | Killed a two-headed ogre
 15278 | Orc:2    | Found a roughly hewn altar of Beogh.
 15724 | Orc:2    | Reached XP level 13. HP: 69/98 MP: 11/26
 15843 | Orc:2    | Found Oferenew's Antique Weapon Emporium.
 16352 | Orc:2    | Found a roughly hewn altar of Beogh.
 16352 | Orc:2    | Noticed an orc warlord
 16611 | Orc:2    | Found a staircase to the Elven Halls.
 16869 | Orc:2    | Killed an orc warlord
 17164 | Orc:2    | Reached ****** piety under Cheibriados
 17171 | Orc:2    | Found Ruel's Distillery.
 17307 | Orc:2    | Found Nutruemaywk's Food Shop.
 17581 | Orc:2    | Bought a potion of heal wounds for 70 gold pieces
 17581 | Orc:2    | Bought a potion of heal wounds for 70 gold pieces
 17581 | Orc:2    | Bought a potion of heal wounds for 70 gold pieces
 17726 | Orc:2    | Found Houvosch's Food Shoppe.
 18796 | D:8      | Bought the amulet "Ylodaix" {Faith rC+ rN+ Dex-4} for 547 gold pieces
 18904 | D:12     | Learned a level 3 spell: Dazzling Spray
 19518 | D:12     | Got a polished chain mail
 19529 | D:12     | Identified the cursed +0 chain mail of Ahidd {MR++} (You found it on level 12 of the Dungeon)
 19926 | D:12     | Reached skill level 10 in Spellcasting
 20026 | D:12     | Reached XP level 14. HP: 102/106 MP: 9/28
 20963 | D:13     | Noticed Snorg
 20979 | D:13     | Killed Snorg
 21469 | D:13     | Reached skill level 10 in Dodging
 21752 | D:13     | Found Viymudde's General Store.
 21757 | D:13     | Gained mutation: You occasionally shout uncontrollably at your foes. [potion of mutation]
 21757 | D:13     | Gained mutation: You are dopey. (Int -2) [potion of mutation]
 21757 | D:13     | Gained mutation: You are covered in fur. (AC +1) [potion of mutation]
 21758 | D:13     | Lost mutation: You occasionally shout uncontrollably at your foes. [potion of mutation]
 21758 | D:13     | Lost mutation: You are dopey. (Int -2) [potion of mutation]
 21758 | D:13     | Lost mutation: You are covered in fur. (AC +1) [potion of mutation]
 21758 | D:13     | Gained mutation: You have an increased reservoir of magic. (+10% MP) [potion of mutation]
 21758 | D:13     | Gained mutation: You are dopey. (Int -2) [potion of mutation]
 21758 | D:13     | Gained mutation: Your flesh is cold resistant. (rC+) [potion of mutation]
 21758 | D:13     | Gained mutation: You evolve. [potion of mutation]
 21814 | D:13     | Noticed Nessos
 21818 | D:13     | Killed Nessos
 22231 | D:14     | Reached skill level 10 in Stealth
 22458 | D:14     | Noticed Urug
 22476 | D:14     | Killed Urug
 22480 | D:14     | Noticed Louise
 22493 | D:14     | Killed Louise
 22493 | D:14     | Reached skill level 10 in Invocations
 23331 | D:5      | Got an ichor-stained dagger
 23333 | D:5      | Identified the cursed +0 dagger of Deformation {antimagic, rC+ Str+3} (You found it on level 5 of the Dungeon)
 23841 | D:14     | Found a gate to the Vaults.
 24254 | D:14     | Gained mutation: You expend magic power (3 MP) to strengthen your wands. [evolution]
 24408 | D:14     | Reached XP level 15. HP: 109/114 MP: 2/32
 24818 | D:15     | Entered Level 15 of the Dungeon
 24951 | D:15     | Noticed a storm dragon
 24968 | D:15     | Noticed an azure jelly
 24968 | D:15     | an iron troll changed into an azure jelly
 25255 | Lair:1   | Got a scorched steel amulet
 25367 | Lair:1   | Identified the amulet "Joem" {rF+ rN+ Regen+} (You found it on level 1 of the Lair of Beasts)
 28107 | Lair:3   | Found a staircase to the Shoals.
 28331 | Lair:4   | Found a staircase to the Snake Pit.
 28337 | Lair:4   | Noticed Nergalle
 28349 | Lair:4   | Killed Nergalle
 28349 | Lair:4   | Reached skill level 10 in Fire Magic
 29608 | Lair:5   | Reached skill level 10 in Fighting
 29608 | Lair:5   | Reached skill level 10 in Short Blades
 29608 | Lair:5   | Reached skill level 10 in Long Blades
 29608 | Lair:5   | Reached skill level 10 in Axes
 29608 | Lair:5   | Reached skill level 10 in Maces & Flails
 29608 | Lair:5   | Reached skill level 10 in Polearms
 29608 | Lair:5   | Reached skill level 10 in Staves
 29608 | Lair:5   | Reached skill level 10 in Slings
 29608 | Lair:5   | Reached skill level 10 in Bows
 29608 | Lair:5   | Reached skill level 10 in Crossbows
 29608 | Lair:5   | Reached skill level 10 in Throwing
 29608 | Lair:5   | Reached skill level 10 in Armour
 29608 | Lair:5   | Reached skill level 10 in Shields
 29608 | Lair:5   | Reached skill level 10 in Unarmed Combat
 29608 | Lair:5   | Reached skill level 10 in Evocations
 29893 | Lair:5   | Lost mutation: You are dopey. (Int -2) [evolution]
 29910 | Lair:5   | HP: 4/115 [tyrant leech (12)]
 29922 | Lair:4   | Slain by a tyrant leech

Vault maps used:
D:1:      mushboom_english_gardens
D:2:      evilmike_ruin_ashenzari, dk_noncrumbling_2, bloody_trog
D:3:      nicolae_dithmenos_through_a_glass_darkly,
          nicolae_overflow_hidden_temple, minmay_crystal_water, uniq_natasha
D:4:      cheibrodos_quashed, marbit_many_paths
D:5:      lemuel_crystal_altar, lemuel_crystal_altar,
          amethyst_overflow_temple_binary, first_ration, led_sif_book
D:6:      gammafunk_ghost_grave, lemuel_old_faithful
D:7:      nicolae_qazlal_eye_of_the_storm, temple_hall, minivault_1,
          okawaru_altar_gauntlet_db, uniq_crazy_yiuf_cottage
D:8:      cheibrodos_shockbox, serial_shops, shop, uniq_maurice
D:9:      kennysheep_mini, overflow_temple_1_default, kennysheep_little_box
D:10:     kennysheep_orc_monster_closet_entryway
D:11:     lair_entry_dummy, uniq_erica, uniq_gastronok
D:12:     grunt_livestock, hangedman_decor_lopped, lemuel_flamethrower_3
D:13:     serial_shops, shop, serial_column_ruins,
          column_ruins_corridor_straight, column_ruins_open_tiny,
          column_ruins_corridor_corner, column_ruins_grid_2,
          column_ruins_corridor_dead_end, column_ruins_columns_straight,
          column_ruins_open_small, uniq_snorg, uniq_nessos
D:14:     erik_vaults_2, minmay_misc_feat_hallway, sword_in_stone
D:15:     hangedman_depths_entry_try_elsewhere_first, minmay_misc_feat_plants
Lair:2:   small_statue_intersection, st_stairs_13, wad_woods_road_03,
          lemuel_fruit_fields, lemuel_fruit_tree
Lair:3:   elwin_shoals_entry_stream, infiniplex_staircase_pool,
          serial_bayou_shore_a, grunt_megastairs_1
Lair:4:   dummy_snake_entry, uniq_nergalle
Lair:5:   worms_lemuel, uniq_rupert
Orc:2:    pubby_orc_utopia, serial_shops

Skill      XL: |  1  2  3  4  5  6  7  8  9 10 11 12 13 14 15 |
---------------+----------------------------------------------+-----
Conjurations   | 2 3 4 5 6 7 8 |  8.7
Spellcasting   | 5 6 7 8 9 10 11 | 11.1
Invocations    | 1 2 3 4 5 6 7 8 9 10 | 10.8
Fighting       | 1 2 3 4 5 6 7 8 9 10 | 10.0
Short Blades   | 1 2 3 4 5 6 7 8 9 10 | 10.0
Long Blades    | 1 2 3 4 5 6 7 8 9 10 | 10.0
Axes           | 1 2 3 4 5 6 7 8 9 10 | 10.0
Maces & Flails | 1 2 3 4 5 6 7 8 9 10 | 10.0
Polearms       | 1 2 3 4 5 6 7 8 9 10 | 10.0
Staves         | 1 2 3 4 5 6 7 8 9 10 | 10.0
Slings         | 1 2 3 4 5 6 7 8 9 10 | 10.0
Bows           | 1 2 3 4 5 6 7 8 9 10 | 10.0
Crossbows      | 1 2 3 4 5 6 7 8 9 10 | 10.0
Throwing       | 1 2 3 4 5 6 7 8 9 10 | 10.0
Armour         | 1 2 3 4 5 6 7 8 9 10 | 10.0
Shields        | 1 2 3 4 5 6 7 8 9 10 | 10.0
Unarmed Combat | 1 2 3 4 5 6 7 8 9 10 | 10.0
Evocations     | 1 2 3 4 5 6 7 8 9 10 | 10.0
Hexes          | 1 2 3 4 5 6 7 8 |  8.4
Charms         | 1 2 3 4 5 6 7 8 |  8.4
Summonings     | 1 2 3 4 5 6 7 8 |  8.4
Necromancy     | 1 2 3 4 5 6 7 8 |  8.4
Translocations | 1 2 3 4 5 6 7 8 |  8.4
Transmutations | 1 2 3 4 5 6 7 8 |  8.4
Ice Magic      | 1 2 3 4 5 6 7 8 |  8.4
Air Magic      | 1 2 3 4 5 6 7 8 |  8.4
Earth Magic    | 1 2 3 4 5 6 7 8 |  8.4
Poison Magic   | 1 2 3 4 5 6 7 8 |  8.4
Dodging        | 5 6 7 8 9 10 11 | 11.0
Stealth        | 5 6 7 8 9 10 | 10.8
Fire Magic     | 6 7 8 9 10 | 10.1

Action                   |  1- 3 |  4- 6 |  7- 9 | 10-12 | 13-15 || total
-------------------------+-------+-------+-------+-------+-------++-------
Melee: Unarmed           |    19 |       |       |       |       ||    19
       Dagger            |    18 |     3 |     8 |    18 |       ||    47
       Bite              |     5 |       |     2 |    25 |    76 ||   108
       Punch             |     1 |       |       |       |       ||     1
       Mace              |       |     1 |    17 |       |       ||    18
       Whip              |       |       |       |   101 |   335 ||   436
 Cast: Flame Tongue      |    60 |    78 |   243 |   296 |   462 ||  1139
       Sticky Flame      |       |       |    19 |    64 |   103 ||   186
       Fireball          |       |       |       |    39 |   113 ||   152
       Dazzling Spray    |       |       |       |       |    48 ||    48
Invok: Slouch            |       |       |       |     5 |     8 ||    13
Evoke: Wand              |       |       |       |       |     1 ||     1
  Use: Scroll            |       |       |     7 |    12 |    17 ||    36
       Potion            |       |       |     2 |     7 |     7 ||    16
 Stab: Sleeping          |     1 |     1 |       |       |     3 ||     5
       Invisible         |       |       |     1 |     6 |     3 ||    10
       Distracted        |       |       |       |     1 |       ||     1
  Eat: Chunk             |     5 |     5 |    16 |    11 |    23 ||    60
Armor: Robe              |    13 |     8 |    32 |    13 |     6 ||    72
       Scale mail        |       |       |       |     6 |     7 ||    13
       Chain mail        |       |       |       |       |    94 ||    94
Dodge: Dodged            |    50 |    20 |   179 |   237 |   529 ||  1015
       Deflected         |       |       |       |       |     3 ||     3
Block: Buckler           |       |     1 |    65 |   105 |   271 ||   442

Table legend:
 A = Spawn XP
 B = Non-spawn XP
 C = Spawn XP percentage of total XP
 D = Spawn monster count
 E = Non-spawn monster count
 F = Spawn count percentage of total count
 G = Total turns spent on level
                    A         B        C        D         E        F      G
               +---------+---------+-------+---------+---------+-------+---------
         Total |       0 |  112852 |   0.0 |       0 |     651 |   0.0 | 29922
               +---------+---------+-------+---------+---------+-------+---------
           D:1 |       0 |      42 |   0.0 |       0 |      24 |   0.0 |   904
           D:2 |       0 |      64 |   0.0 |       0 |      18 |   0.0 |   804
           D:3 |       0 |     102 |   0.0 |       0 |      13 |   0.0 |   826
           D:4 |       0 |     116 |   0.0 |       0 |      10 |   0.0 |   712
           D:5 |       0 |     317 |   0.0 |       0 |       5 |   0.0 |   863
           D:6 |       0 |     609 |   0.0 |       0 |      23 |   0.0 |  1350
           D:7 |       0 |    1177 |   0.0 |       0 |      26 |   0.0 |  1754
           D:8 |       0 |    1684 |   0.0 |       0 |      36 |   0.0 |  1308
           D:9 |       0 |    2491 |   0.0 |       0 |      12 |   0.0 |   792
          D:10 |       0 |    2233 |   0.0 |       0 |      35 |   0.0 |  1931
          D:11 |       0 |   10471 |   0.0 |       0 |      66 |   0.0 |  2676
          D:12 |       0 |   12645 |   0.0 |       0 |      45 |   0.0 |  2037
          D:13 |       0 |    5643 |   0.0 |       0 |      25 |   0.0 |  1448
          D:14 |       0 |   27086 |   0.0 |       0 |      48 |   0.0 |  2439
          D:15 |       0 |    2607 |   0.0 |       0 |       4 |   0.0 |   162
        Lair:1 |       0 |    2816 |   0.0 |       0 |      15 |   0.0 |   881
        Lair:2 |       0 |    1914 |   0.0 |       0 |      11 |   0.0 |   998
        Lair:3 |       0 |    7569 |   0.0 |       0 |      33 |   0.0 |  1322
        Lair:4 |       0 |    3904 |   0.0 |       0 |      16 |   0.0 |  1269
        Lair:5 |       0 |    5588 |   0.0 |       0 |      19 |   0.0 |   326
         Orc:1 |       0 |    3024 |   0.0 |       0 |      19 |   0.0 |   703
         Orc:2 |       0 |   20750 |   0.0 |       0 |     148 |   0.0 |  4417
               +---------+---------+-------+---------+---------+-------+---------
